 Dungeon Crawl Stone Soup version 0.31.0-11-ge490571c62 (webtiles) character file.

Game seed: 6853767732586534730

329 Gadfly the Insei (level 6, 0/47 HPs)
             Began as a Demonspawn Monk on Feb 5, 2024.
             Slain by a river rat (6 damage)
             ... summoned by Eustachio
             ... on level 5 of the Dungeon.
             The game lasted 00:06:20 (3650 turns).

Gadfly the Insei (Demonspawn Monk)                  Turns: 3650, Time: 00:06:20

Health: 0/47       AC:  3    Str: 14      XL:     6   Next: 25%
Magic:  6/6        EV: 14    Int: 12      God:
Gold:   64         SH:  0    Dex: 20 (21) Spells: 5/5 levels left

rFire   . .          .
                       - Unarmed
rCold   . . .        (no shield)
rNeg    . . .        a - +1 robe
rPois   .            (no helmet)
rElec   .            (no cloak)
rCorr   .            (no gloves)
SInv    .            (no boots)
Will    +....        h - amulet of faith
Stlth   +++          j - +6 ring of dexterity
HPRegen 0.27/turn    m - ring of the Fool {Will+ Int+2 Stlth+}
MPRegen 0.10/turn

%: faith
@: no status effects
A: foul stench 1, demonic touch 2
a: no special abilities


You were on level 5 of the Dungeon.
You visited 1 branch of the dungeon, and saw 5 of its levels.

You collected 147 gold pieces.
You spent 83 gold pieces at shops.

Inventory:

Hand Weapons
 k - a +2 vampiric falchion
 n - a +4 short sword
Armour
 a - a +1 robe (worn)
 c - an orb of light
Jewellery
 h - an amulet of faith (around neck)
 j - a +6 ring of dexterity (left hand)
 m - the ring of the Fool (right hand) {Will+ Int+2 Stlth+}
   (You found it on level 3 of the Dungeon)

   [ring of willpower]

   Int+2:     It affects your intelligence (+2).
   Will+:     It increases your willpower.
   Stlth+:    It makes you more stealthy.
 o - a ring of poison resistance
Wands
 l - a wand of flame (10) (quivered)
Scrolls
 g - a scroll of silence
 p - a scroll of fear
 q - a scroll of poison
 r - a scroll of teleportation
Potions
 b - a potion of ambrosia
 d - 2 potions of might
 e - a potion of berserk rage
 f - a potion of mutation
 i - a potion of curing


   Skills:
 + Level 3.0 Fighting
 + Level 3.4 Dodging
 * Level 4.1 Unarmed Combat
 * Level 3.1 Evocations
 * Level 2.5 Shapeshifting


You had 5 spell levels left.
You didn't know any spells.
Your spell library contained the following spells:

 Spells                   Type           Power      Damage    Failure   Level
 Lesser Beckoning         Tloc           0%         N/A       45%         2
 Gell's Gravitas          Tloc           0%         N/A       69%         3
 Teleport Other           Tloc           0%         N/A       69%         3
 Passage of Golubria      Tloc           0%         N/A       97%         4
 Silence                  Hex/Air        0%         N/A       100%        5
 Lehudib's Crystal Spear  Conj/Erth      0%         10d2      100%        8


Dungeon Overview and Level Annotations

Branches:
Dungeon (5/15)
 Temple: D:4-7

Altars:
Dithmenos
Kikubaaqudgha
Wu Jian

Shops:
D:1 ?(**[

Annotations:
D:5 Eustachio


Innate Abilities, Weirdness & Mutations

You may rarely emit foul miasma when damaged in melee.
Your touch may inflict irresistible damage on your foes.


Message History

The white imp gestures at you. The puff of frost hits you.
The quasit bites you.
The quasit claws you but does no damage. x2
The river rat barely misses you.
The white imp hits you but does no damage.
The quasit barely misses you. The quasit closely misses you. x2
Eustachio mumbles some strange words.
Eustachio blinks!
The quasit attacks as it pursues you! The quasit closely misses you.
The quasit misses you. x2
The river rat attacks as it pursues you!
The river rat bites you.
* * * LOW HITPOINT WARNING * * *
You enter the shallow water.
Moving in this stuff is going to be slow.
Eustachio mumbles some strange words.
The quasit closely misses you. The quasit misses you.
The quasit claws you but does no damage.
Aiming: Throw Flame
Press: ? - help, Shift-Dir - straight line, f/p - Eustachio
Aim: Eustachio, wielding a +1 rapier of speed and wearing a +0 leather armour (moderately wounded, 60% to hit)
The puff of flame misses Eustachio.
Eustachio twirls his moustache.
The river rat closely misses you. The white imp gestures at you.
The puff of frost misses you.
The puff of frost hits Eustachio!
The quasit bites you.
* * * LOW HITPOINT WARNING * * *
You feel clumsy. The quasit completely misses you. The quasit misses you.
The river rat bites you.
* * * LOW HITPOINT WARNING * * *
The white imp disappears in a puff of smoke!
Eustachio gestures wildly while chanting.
Eustachio blinks!
The river rat twitches its whiskers.
The river rat closely misses you.
The river rat twitches its whiskers.
The river rat attacks as it pursues you!
The river rat barely misses you. The river rat bites you.
You die...

# ..#. ..
.##...... #.
..#.....#
#.####.#..#..
#..........#
####..~.~..@.#
......§⌠~....#
#.rr.....#
#.@r5....##
##........##
#.........#
#......<#......
#.......# #####
#.......#
#########


You could see Eustachio, a quasit (summoned), 2 river rats and a quokka
(summoned).

Vanquished Creatures
  A centaur (D:4)
  A hound (D:4)
  Jessica (D:3)
  An iguana (D:4)
  Natasha (thrice) (D:2)
  3 adders
  3 dart slugs
  An orc (D:4)
  4 ball pythons
  8 endoplasms
  3 giant cockroaches
  3 goblins
  4 hobgoblins
  8 jackals
  5 kobolds
  A quokka (D:2)
  7 bats
  A frilled lizard (D:2)
  6 rats
64 creatures vanquished.

Notes
Turn   | Place    | Note
-------+----------+-------------------------------------------
     0 | D:1      | Gadfly the Demonspawn Monk began the quest for the Orb.
     0 | D:1      | Reached XP level 1. HP: 18/18 MP: 1/1
   132 | D:1      | Found Idalav's Armour Shop.
   387 | D:1      | Gained mutation: Your touch may inflict minor irresistible
                  | damage on your foes. [demonic ancestry]
   387 | D:1      | Reached XP level 2. HP: 24/24 MP: 2/2
   407 | D:1      | Found Fumu's Weapon Boutique.
   489 | D:1      | Reached skill level 3 in Unarmed Combat
   489 | D:1      | Reached skill level 1 in Evocations
   564 | D:1      | Found Uwoiho's Assorted Antiques.
   572 | D:1      | Bought a scroll labelled BEUTAX IRGHU for 19 gold pieces
   572 | D:1      | Bought a silvery potion for 17 gold pieces
   721 | D:1      | Found Ibount's Assorted Antiques.
   737 | D:1      | Found Buskoij's Magic Scroll Shoppe.
   973 | D:1      | Reached skill level 1 in Shapeshifting
   976 | D:1      | Gained mutation: Your touch may inflict irresistible damage
                  | on your foes. [demonic ancestry]
   976 | D:1      | Reached XP level 3. HP: 26/29 MP: 3/3
  1062 | D:2      | Noticed Natasha
  1071 | D:2      | Killed Natasha
  1190 | D:2      | Noticed Natasha
  1196 | D:2      | Killed Natasha
  1197 | D:2      | Reached XP level 4. HP: 10/35 MP: 4/4
  1268 | D:2      | Noticed Natasha
  1307 | D:2      | Killed Natasha
  2159 | D:3      | Gained mutation: You may rarely emit foul miasma when
                  | damaged in melee. [demonic ancestry]
  2159 | D:3      | Reached XP level 5. HP: 35/41 MP: 5/5
  2160 | D:3      | Identified the ring of the Fool {Will+ Int+2 Stlth+}
  2276 | D:3      | Found an ancient bone altar of Kikubaaqudgha.
  2297 | D:3      | Noticed Jessica
  2305 | D:3      | Killed Jessica
  2345 | D:3      | Found a shadowy altar of Dithmenos.
  2490 | D:3      | Found an ornate altar of the Wu Jian Council.
  2672 | D:1      | Bought a fuming blue potion for 22 gold pieces
  2672 | D:1      | Bought a scroll labelled YFYXEH PIAB for 25 gold pieces
  2792 | D:4      | Noticed a centaur
  2847 | D:4      | Killed a centaur
  2848 | D:4      | Reached skill level 4 in Unarmed Combat
  2904 | D:4      | Reached XP level 6. HP: 38/47 MP: 6/6
  3462 | D:5      | Entered Level 5 of the Dungeon
  3462 | D:5      | Noticed Eustachio
  3650 | D:5      | Slain by a river rat

Illustrated notes

Levels and vault maps discovered:
D:1:      dpeg_arrival_three_same_balls, layout_loops_ring, serial_shops,
          nicolae_shop_window_shopping, shop, nicolae_square_shop, shop,
          nicolae_shop_overgrown_old_shop, minmay_misc_feat_alley
D:2:      layout_loops_ring, serial_park_tiny_1, chequers_garden, uniq_natasha
D:3:      layout_rooms, nicolae_wu_jian_glorious_leap,
          nicolae_dithmenos_through_a_glass_darkly, kiku_gazebo_pond_becter,
          kennysheep_generic_room_8, uniq_jessica
D:4:      wad_lake_hut, layout_gridville, fedhas_altar_fruit_tree,
          minmay_temple_entry_glass, corner_web_ring, minmay_misc_feat_doors,
          uniq_grinder
D:5:      layout_rooms, corexii_leaking_fountain, uniq_blork_the_orc,
          uniq_eustachio

Skill      XL: |  1  2  3  4  5  6 |
---------------+-------------------+-----
Unarmed Combat | 3 4 |  4.1
Evocations     | 1 2 3 |  3.1
Shapeshifting  | 1 2 |  2.5
Dodging        | 3 |  3.4
Fighting       | |  3.0

Action                     |  1- 3 |  4- 6 || total
---------------------------+-------+-------++-------
  Melee: Unarmed           |    80 |   128 ||   208
         Touch             |     5 |    21 ||    26
         Punch             |       |     3 ||     3
  Evoke: Wand              |       |     3 ||     3
    Use: Scroll            |     6 |     4 ||    10
         Potion            |       |     7 ||     7
   Stab: Sleeping          |       |     4 ||     4
         Distracted        |       |     1 ||     1
 Armour: Robe              |    26 |    94 ||   120
  Dodge: Dodged            |    42 |   142 ||   184
